SNL (28 & UNDER)
SANTA FE DIABLOS @ WICHITA WRANGLERS
08/14/2029
 
TOP OF THE 1ST
Santa Fe Diablos batting - Pitching for Wichita Wranglers : RHP Mike Spencer
Pitching: RHP Mike Spencer
Batting: LHB David Hernández 0-0: Ball
1-0: Ball
2-0: Ball
3-0: Base on Balls
Batting: LHB Juan Torres 0-0: Ball
1-0: Called Strike
1-1: Ball
2-1: Ball
3-1: Base on Balls
David Hernández to second
Batting: LHB Arturo Rodledo 0-0: DOUBLE (Flyball, 9D)
David Hernández scores
Juan Torres to third
Runner from 3rd tries for Home, SAFE, throw made at trailing runner, OUT at third!
Batting: SHB Ángel Díaz 0-0: Swinging Strike
0-1: Ball
1-1: Ball
2-1: Ball
3-1: Base on Balls
Batting: RHB Flint Todd 0-0: Ball
1-0: Ball
2-0: Called Strike
2-1: Ball
3-1: Base on Balls
Ángel Díaz to second
Batting: LHB Michael Barrett 0-0: Foul Ball, location: 2F
0-1: Swinging Strike
0-2: Ball
1-2: SINGLE (Flyball, 9LS)
Ángel Díaz to third
Flint Todd to second
Batting: RHB Eliot James 0-0: Ball
1-0: Called Strike
1-1: SINGLE (Groundball, 56D)
Ángel Díaz scores
Flint Todd to third
Michael Barrett to second
Runner from 3rd tries for Home, SAFE, no throw
Batting: RHB Todd Oliver 0-0: Called Strike
0-1: Called Strike
0-2: Ball
1-2: Strikes out swinging
Batting: RHB Carl O'Dell 0-0: Ball
1-0: Ball
2-0: Ball
3-0: Called Strike
3-1: DOUBLE (Line Drive, 8LD)
Michael Barrett scores
Eliot James to third
Runner from 3rd tries for Home, SAFE, no throw
Batting: LHB David Hernández 0-0: Fly out, F5 (Line Drive, 56)
Top of the 1st over - 6 runs, 4 hits, 0 errors, 1 left on base; Santa Fe 6 - Wichita 0
BOTTOM OF THE 1ST
Wichita Wranglers batting - Pitching for Santa Fe Diablos : RHP Héctor Rodríguez
Pitching: RHP Héctor Rodríguez
Batting: LHB Dudley Cooper 0-0: Foul Ball, location: 2F
0-1: Foul Ball, location: 2F
0-2: Foul Ball, location: 2F
0-2: Ground out 4-3 (Groundball, 4)
Batting: LHB Al Miller 0-0: Ball
1-0: Called Strike
1-1: Foul Ball, location: 2F
1-2: Ball
2-2: Ball
3-2: SOLO HOME RUN (Flyball, 9D), Distance : 384 ft
Batting: LHB Milo Powers 0-0: Ball
1-0: Ball
2-0: Ball
3-0: Base on Balls
Batting: RHB Stan Taylor 0-0: Called Strike
0-1: Ball
1-1: Grounds into double play, 6-4-3 (Groundball, 6M)
Bottom of the 1st over - 1 run, 1 hit, 0 errors, 0 left on base; Santa Fe 6 - Wichita 1
TOP OF THE 2ND
Santa Fe Diablos batting - Pitching for Wichita Wranglers : RHP Mike Spencer
Batting: LHB Juan Torres 0-0: Called Strike
0-1: Ball
1-1: SOLO HOME RUN (Flyball, 9LD), Distance : 334 ft
Batting: LHB Arturo Rodledo 0-0: Ball
1-0: Ball
2-0: Foul Ball, location: 2F
2-1: Foul Ball, location: 2F
2-2: Ball
3-2: SINGLE (Flyball, 78S)
Batting: SHB Ángel Díaz 0-0: Ball
1-0: Ball
2-0: Called Strike
2-1: Ball
3-1: Base on Balls
Arturo Rodledo to second
Batting: RHB Flint Todd 0-0: Ball
1-0: Foul Ball, location: 2F
1-1: Called Strike
1-2: Ball
2-2: Foul Ball, location: 2F
2-2: Foul Ball, location: 2F
2-2: Ball
3-2: SINGLE (Groundball, 6D)
Arturo Rodledo to third
Ángel Díaz to second
Batting: LHB Michael Barrett 0-0: Foul Ball, location: 2F
0-1: Ball
1-1: Foul Ball, location: 2F
1-2: Foul Ball, location: 2F
1-2: Fielders Choice at 2nd, 6-4 (Groundball, 6)
Arturo Rodledo scores
Ángel Díaz to third
Batting: RHB Eliot James 0-0: Ball
1-0: Swinging Strike
Balk!
Ángel Díaz scores
Michael Barrett to second
1-1: Ball
2-1: Ball
3-1: Ground out 6-3 (Groundball, 6)
Batting: RHB Todd Oliver 0-0: Ball
1-0: Foul Ball, location: 2F
1-1: Foul Ball, location: 2F
1-2: Foul Ball, location: 2F
1-2: Strikes out looking
Top of the 2nd over - 3 runs, 3 hits, 0 errors, 1 left on base; Santa Fe 9 - Wichita 1
BOTTOM OF THE 2ND
Wichita Wranglers batting - Pitching for Santa Fe Diablos : RHP Héctor Rodríguez
Batting: RHB Travis Ezell 0-0: Foul Ball, location: 2F
0-1: Ground out 3-1 (Groundball, 34)
Batting: LHB Glenn Williamson 0-0: Foul Ball, location: 2F
0-1: Called Strike
0-2: Fly out, F8 (Flyball, 89M)
Batting: RHB Hubert MacDonald 0-0: Ball
1-0: Foul Ball, location: 2F
1-1: Fly out, F7 (Flyball, 78M)
Bottom of the 2nd over - 0 runs, 0 hits, 0 errors, 0 left on base; Santa Fe 9 - Wichita 1
TOP OF THE 3RD
Santa Fe Diablos batting - Pitching for Wichita Wranglers : RHP Mike Spencer
Batting: RHB Carl O'Dell 0-0: Ground out 5-3 (Groundball, 56S)
Batting: LHB David Hernández 0-0: Ball
1-0: Called Strike
1-1: Foul Ball, location: 2F
1-2: Foul Ball, location: 2F
1-2: Fly out, F7 (Flyball, 7D)
Batting: LHB Juan Torres 0-0: Ball
1-0: SINGLE (Groundball, 6D)
Batting: LHB Arturo Rodledo 0-0: Called Strike
0-1: Ball
1-1: SINGLE (Line Drive, 56D)
Juan Torres to second
Batting: SHB Ángel Díaz 0-0: Foul Ball, location: 2F
0-1: Ball
1-1: Ball
2-1: Ground out U3 (Groundball, 3L)
Top of the 3rd over - 0 runs, 2 hits, 0 errors, 2 left on base; Santa Fe 9 - Wichita 1
BOTTOM OF THE 3RD
Wichita Wranglers batting - Pitching for Santa Fe Diablos : RHP Héctor Rodríguez
Batting: SHB Juan Glaviz 0-0: Called Strike
0-1: Ground out 1-3 (Groundball, 13)
Batting: RHB Miguel García 0-0: Ball
1-0: Swinging Strike
1-1: Ball
2-1: Ball
3-1: Called Strike
3-2: Ground out 1-3 (Groundball, 13)
Batting: LHB Dudley Cooper 0-0: Ground out U3 (Groundball, 3D)
Bottom of the 3rd over - 0 runs, 0 hits, 0 errors, 0 left on base; Santa Fe 9 - Wichita 1
TOP OF THE 4TH
Santa Fe Diablos batting - Pitching for Wichita Wranglers : RHP Mike Spencer
Batting: RHB Flint Todd 0-0: Ball
1-0: Ground out 6-3 (Groundball, 6)
Batting: LHB Michael Barrett 0-0: Fly out, F7 (Flyball, 7)
Batting: RHB Eliot James 0-0: Ball
1-0: Called Strike
1-1: Foul Ball, location: 2F
1-2: Foul Ball, location: 2F
1-2: Foul Ball, location: 2F
1-2: Ball
2-2: Ball
3-2: Base on Balls
Pitching: RHP Josse Teves
Batting: RHB Todd Oliver 0-0: Ball
1-0: Ball
2-0: Called Strike
2-1: Ball
3-1: Swinging Strike
3-2: Base on Balls
Eliot James to second
Batting: RHB Carl O'Dell 0-0: Called Strike
0-1: Ball
1-1: Ball
2-1: Ground out 4-3 (Groundball, 34D)
Top of the 4th over - 0 runs, 0 hits, 0 errors, 2 left on base; Santa Fe 9 - Wichita 1
BOTTOM OF THE 4TH
Wichita Wranglers batting - Pitching for Santa Fe Diablos : RHP Héctor Rodríguez
Batting: LHB Al Miller 0-0: Ball
1-0: SINGLE (Line Drive, 8LS)
Batting: LHB Milo Powers 0-0: Ball
1-0: Ball
2-0: Ball
3-0: Base on Balls
Al Miller to second
Batting: RHB Stan Taylor 0-0: SINGLE (Line Drive, 9LS)
Al Miller to third
Milo Powers to second
Batting: RHB Travis Ezell 0-0: Fly out, F3 (Popup, 3F)
Batting: LHB Glenn Williamson 0-0: Foul Ball, location: 2F
0-1: Called Strike
0-2: Fly out, F7 (Flyball, 7LS)
Runner from 3rd tags up, SCORES, no throw
Batting: RHB Hubert MacDonald 0-0: Called Strike
0-1: Foul Ball, location: 2F
0-2: Foul Ball, location: 2F
0-2: SINGLE (Line Drive, 4M)
Milo Powers to third
Stan Taylor to second
Runner from 3rd tries for Home, SAFE, no throw
Batting: SHB Juan Glaviz 0-0: Ball
1-0: Foul Ball, location: 2F
1-1: Foul Ball, location: 2F
1-2: Ball
2-2: Foul Ball, location: 2F
2-2: Ball
3-2: SINGLE (Groundball, 15S) (infield hit)
Stan Taylor to third
Hubert MacDonald to second
Batting: RHB Miguel García 0-0: Called Strike
0-1: Foul Ball, location: 2F
0-2: Fly out, F8 (Flyball, 8RD)
Bottom of the 4th over - 2 runs, 4 hits, 0 errors, 3 left on base; Santa Fe 9 - Wichita 3
TOP OF THE 5TH
Santa Fe Diablos batting - Pitching for Wichita Wranglers : RHP Josse Teves
Batting: LHB David Hernández 0-0: Called Strike
0-1: Ball
1-1: Ball
2-1: Foul Ball, location: 2F
2-2: Ball
3-2: Strikes out looking
Batting: LHB Juan Torres 0-0: Foul Ball, location: 2F
0-1: Ball
1-1: Foul Ball, location: 2F
1-2: Ball
2-2: Foul Ball, location: 2F
2-2: Foul Ball, location: 2F
2-2: Ball
3-2: Fly out, F8 (Flyball, 8RD)
Batting: LHB Arturo Rodledo 0-0: Ball
1-0: Ball
2-0: Called Strike
2-1: Fly out, F8 (Flyball, 89D)
Top of the 5th over - 0 runs, 0 hits, 0 errors, 0 left on base; Santa Fe 9 - Wichita 3
BOTTOM OF THE 5TH
Wichita Wranglers batting - Pitching for Santa Fe Diablos : RHP Héctor Rodríguez
Batting: LHB Dudley Cooper 0-0: Ground out 3-1 (Groundball, 34)
Batting: LHB Al Miller 0-0: Ball
1-0: Swinging Strike
1-1: Ball
2-1: Ball
3-1: Base on Balls
Batting: LHB Milo Powers 0-0: Ball
Passed Ball!
Al Miller to second
1-0: Called Strike
1-1: Ball
2-1: Ball
3-1: Ground out 5-3 (Groundball, 5)
Batting: RHB Stan Taylor 0-0: Ball
1-0: Swinging Strike
1-1: Called Strike
1-2: Foul Ball, location: 2F
1-2: Foul Ball, location: 2F
1-2: 2-RUN HOME RUN (Flyball, 78XD), Distance : 399 ft
Batting: RHB Travis Ezell 0-0: Ball
1-0: Ball
2-0: Ball
3-0: Base on Balls
Batting: LHB Glenn Williamson 0-0: Foul Ball, location: 2F
0-1: Ball
1-1: Foul Ball, location: 2F
1-2: Ball
2-2: Foul Ball, location: 2F
2-2: DOUBLE (Line Drive, 9LS)
Travis Ezell to third
Pitching: LHP Juan Parrot
Batting: RHB Hubert MacDonald 0-0: Ball
1-0: Swinging Strike
Passed Ball!
Travis Ezell scores
Glenn Williamson to third
1-1: Swinging Strike
1-2: Strikes out swinging
Bottom of the 5th over - 3 runs, 2 hits, 0 errors, 1 left on base; Santa Fe 9 - Wichita 6
TOP OF THE 6TH
Santa Fe Diablos batting - Pitching for Wichita Wranglers : RHP Josse Teves
Batting: SHB Ángel Díaz 0-0: Ball
1-0: Ball
2-0: Ball
3-0: Called Strike
3-1: Reached on error, E5 (Groundball, 56S)
Batting: RHB Flint Todd 0-0: Called Strike
0-1: Ball
1-1: Ball
2-1: Ball
3-1: Base on Balls
Batting: LHB Michael Barrett 0-0: Grounds into double play, 6-4-3 (Groundball, 6)
Ángel Díaz to third
Batting: RHB Eliot James 0-0: Ground out 5-3 (Groundball, 56)
Top of the 6th over - 0 runs, 0 hits, 1 error, 1 left on base; Santa Fe 9 - Wichita 6
BOTTOM OF THE 6TH
Wichita Wranglers batting - Pitching for Santa Fe Diablos : LHP Juan Parrot
Batting: SHB Juan Glaviz 0-0: Swinging Strike
0-1: Ball
1-1: Foul Ball, location: 2F
1-2: Strikes out swinging
Batting: RHB Miguel García 0-0: Called Strike
0-1: Ground out 5-3 (Groundball, 56)
Batting: LHB Dudley Cooper 0-0: Called Strike
0-1: Ball
1-1: Ball
2-1: Foul Ball, location: 2F
2-2: Foul Ball, location: 2F
2-2: Strikes out looking
Bottom of the 6th over - 0 runs, 0 hits, 0 errors, 0 left on base; Santa Fe 9 - Wichita 6
TOP OF THE 7TH
Santa Fe Diablos batting - Pitching for Wichita Wranglers : RHP Josse Teves
Batting: RHB Todd Oliver 0-0: Foul Ball, location: 2F
0-1: Swinging Strike
0-2: Ball
1-2: SINGLE (Groundball, 34D)
Batting: RHB Carl O'Dell 0-0: Ball
Todd Oliver steals 2nd base
1-0: Ball
2-0: SINGLE (Line Drive, 78S)
Todd Oliver to third
Runner from 3rd tries for Home, SAFE, no throw
Batting: LHB David Hernández 0-0: Ball
Carl O'Dell steals 2nd base
1-0: Swinging Strike
1-1: Foul Ball, location: 2F
1-2: Ball
2-2: Ball
3-2: Ground out U3 (Groundball, 34)
Carl O'Dell to third
Batting: LHB Juan Torres 0-0: Fly out, F8 (Flyball, 8LD)
Runner from 3rd tags up, SCORES, no throw
Batting: LHB Arturo Rodledo 0-0: Swinging Strike
0-1: Ball
1-1: Called Strike
1-2: Foul Ball, location: 2F
1-2: Strikes out swinging
Top of the 7th over - 2 runs, 2 hits, 0 errors, 0 left on base; Santa Fe 11 - Wichita 6
BOTTOM OF THE 7TH
Wichita Wranglers batting - Pitching for Santa Fe Diablos : LHP Juan Parrot
Now in LF: Luis Torres
Batting: LHB Al Miller 0-0: Swinging Strike
0-1: Foul Ball, location: 2F
0-2: Ball
1-2: SOLO HOME RUN (Flyball, 7D), Distance : 371 ft
Batting: LHB Milo Powers 0-0: Ball
1-0: Fly out, F8 (Flyball, 8LM)
Batting: RHB Stan Taylor 0-0: Swinging Strike
0-1: Ball
1-1: Foul Ball, location: 2F
1-2: Strikes out swinging
Batting: RHB Travis Ezell 0-0: Ball
1-0: Swinging Strike
1-1: Ball
2-1: Foul Ball, location: 2F
2-2: Foul Ball, location: 2F
2-2: Fly out, F7 (Flyball, 78M)
Bottom of the 7th over - 1 run, 1 hit, 0 errors, 0 left on base; Santa Fe 11 - Wichita 7
TOP OF THE 8TH
Santa Fe Diablos batting - Pitching for Wichita Wranglers : RHP Josse Teves
Pitching: LHP Dave McCoy
Batting: SHB Ángel Díaz 0-0: Ball
1-0: Fly out, F9 (Flyball, 9S)
Batting: RHB Flint Todd 0-0: Ball
1-0: Hit by Pitch
Batting: LHB Michael Barrett 0-0: Foul Ball, location: 2F
0-1: Called Strike
0-2: Ball
1-2: Strikes out looking
Batting: RHB Eliot James 0-0: Ball
1-0: Called Strike
1-1: Ground out U3 (Groundball, 34)
Top of the 8th over - 0 runs, 0 hits, 0 errors, 1 left on base; Santa Fe 11 - Wichita 7
BOTTOM OF THE 8TH
Wichita Wranglers batting - Pitching for Santa Fe Diablos : LHP Juan Parrot
Batting: LHB Glenn Williamson 0-0: Ball
1-0: Swinging Strike
1-1: Foul Ball, location: 2F
1-2: Fly out, F9 (Flyball, 9S)
Batting: RHB Hubert MacDonald 0-0: Called Strike
0-1: Ball
1-1: Foul Ball, location: 2F
1-2: Strikes out looking
Batting: SHB Juan Glaviz 0-0: Foul Ball, location: 2F
0-1: Foul Ball, location: 2F
0-2: Foul Ball, location: 2F
0-2: Foul Ball, location: 2F
0-2: Ground out 3-1 (Groundball, 34)
Bottom of the 8th over - 0 runs, 0 hits, 0 errors, 0 left on base; Santa Fe 11 - Wichita 7
TOP OF THE 9TH
Santa Fe Diablos batting - Pitching for Wichita Wranglers : LHP Dave McCoy
Batting: RHB Todd Oliver 0-0: Called Strike
0-1: SINGLE (Flyball, 3D)
Batting: RHB Carl O'Dell 0-0: Ball
Todd Oliver steals 2nd base
1-0: Ball
2-0: Called Strike
2-1: Ground out 6-3 (Groundball, 6)
Todd Oliver to third
Batting: LHB David Hernández 0-0: Intentional Walk
Batting: LHB Luis Torres 0-0: Ball
1-0: Ball
2-0: Ball
3-0: Base on Balls
David Hernández to second
Batting: LHB Arturo Rodledo 0-0: Ball
1-0: Ball
2-0: Called Strike
2-1: Swinging Strike
2-2: Ball
3-2: Base on Balls
Todd Oliver scores
David Hernández to third
Luis Torres to second
Batting: SHB Ángel Díaz 0-0: Called Strike
0-1: Foul Ball, location: 2F
0-2: Ball
1-2: Ball
2-2: Foul Ball, location: 2F
2-2: Ball
3-2: Foul Ball, location: 2F
3-2: Fly out, F4 (Flyball, 34D)
Batting: RHB Flint Todd 0-0: Ball
1-0: Called Strike
1-1: Called Strike
1-2: Ball
2-2: Strikes out swinging
Top of the 9th over - 1 run, 1 hit, 0 errors, 3 left on base; Santa Fe 12 - Wichita 7
BOTTOM OF THE 9TH
Wichita Wranglers batting - Pitching for Santa Fe Diablos : LHP Juan Parrot
Batting: RHB Miguel García 0-0: Called Strike
0-1: SINGLE (Groundball, 6MD)
Batting: LHB Dudley Cooper 0-0: Ground out U3 (Groundball, 34S)
Miguel García to second
Batting: LHB Al Miller 0-0: Called Strike
0-1: Called Strike
0-2: Strikes out swinging
Batting: LHB Milo Powers 0-0: SINGLE (Line Drive, 6D)
Miguel García to third
Batting: RHB Stan Taylor 0-0: Ball
1-0: Ball
2-0: Called Strike
2-1: Ground out 4-3 (Groundball, 34)
Bottom of the 9th over - 0 runs, 2 hits, 0 errors, 2 left on base; Santa Fe 12 - Wichita 7
Saturday, December 16th, 2017 - OOTP Baseball 18.8 Build 76